 Dungeon Crawl Stone Soup version 0.26-a0-651-gb41185065b (webtiles) character file.

Game seed: 17089652680671215917

17503 Flugslaktarn the Cleaver (level 12, -3/117 HPs)
             Began as a Deep Dwarf Fighter on Oct 6, 2020.
             Was a High Priest of Makhleb.
             Killed from afar by an efreet (13 damage)
             ... with a bolt of fire
             ... on level 13 of the Dungeon.
             The game lasted 00:06:05 (7478 turns).

Flugslaktarn the Cleaver (Deep Dwarf Fighter)       Turns: 7478, Time: 00:06:05

Health: -3/117     AC: 19    Str: 25    XL:     12   Next: 19%
Magic:  11/11      EV:  6    Int: 16    God:    Makhleb [*****.]
Gold:   323        SH: 12    Dex: 12    Spells: 11/11 levels left

rFire    x . .     SeeInvis +   b - +3 broad axe (elec)
rCold    + . .     Faith    .   c - +0 kite shield
rNeg     . . .     Spirit   .   u - +0 plate armour
rPois    .         Reflect  .   C - +0 helmet
rElec    .         Harm     .   s - +0 cloak
rCorr    .         Rampage  .   (no gloves)
MR       +....                  y - +1 pair of boots {Stlth+}
Stlth    ..........             (no amulet)
HPRegen  0.00/turn              A - ring "Wabuek" {Ice *Contam Int+7 Slay+5}
MPRegen  0.12/turn              i - ring of see invisible

@: non-regenerating
A: damage resistance, heal wounds, sense surroundings 2, no regeneration
a: Heal Wounds, Minor Destruction, Lesser Servant of Makhleb, Major Destruction,
Greater Servant of Makhleb, Renounce Religion


You were on level 13 of the Dungeon.
You worshipped Makhleb.
Makhleb was extremely pleased with you.
You visited 2 branches of the dungeon, and saw 14 of its levels.

You collected 663 gold pieces.
You spent 340 gold pieces at shops.

Inventory:

Hand Weapons
 b - a +3 broad axe of electrocution (weapon)
   (You bought it in a shop on level 5 of the Dungeon)
 r - a +1 war axe of flaming
   (You took it off an orc on level 7 of the Dungeon)
Armour
 c - a +0 kite shield (worn)
 s - a +0 cloak (worn)
   (You took it off Maurice on level 9 of the Dungeon)
 u - a +0 plate armour (worn)
   (You took it off an orc warrior on level 9 of the Dungeon)
 y - a +1 pair of boots of stealth (worn)
   (You found it on level 11 of the Dungeon)
 C - a +0 helmet (worn)
   (You found it on level 12 of the Dungeon)
Jewellery
 i - a ring of see invisible (right hand)
   (You found it on level 11 of the Dungeon)
 A - the ring "Wabuek" (left hand) {Ice *Contam Int+7 Slay+5}
   (You found it on level 12 of the Dungeon)

   [ring of ice]

   It enhances your ice magic.
   It affects your intelligence (+7).
   It affects your accuracy and damage with ranged weapons and melee attacks
   (+5).
   It makes you vulnerable to fire.
   It protects you from cold.
   It causes magical contamination when unequipped.
Wands
 h - a wand of paralysis (9)
   (You took it off Maurice on level 9 of the Dungeon)
 n - a wand of iceblast (21)
   (You took it off Pikel on level 6 of the Dungeon)
 D - a wand of enslavement (7)
   (You found it on level 12 of the Dungeon)
Scrolls
 l - 3 scrolls of immolation
 m - a scroll of fog
 p - a scroll of fear
 t - 6 scrolls of teleportation
 v - a scroll of enchant armour
 x - 5 scrolls of remove curse
 z - 2 scrolls of blinking
Potions
 a - a potion of stabbing {unknown}
 d - 2 potions of might
 e - a potion of ambrosia {unknown}
 f - 2 potions of lignification
 g - 3 potions of flight
 j - 3 potions of mutation
 k - 2 potions of invisibility
 o - 2 potions of berserk rage {unknown}
 q - 7 potions of curing
 w - a potion of heal wounds


   Skills:
 * Level 10.4 Fighting
 * Level 12.0 Axes
 + Level 9.2 Armour
 + Level 0.4 Dodging
 + Level 9.2 Shields
 + Level 8.9 Invocations
 + Level 0.5 Evocations


You had 11 spell levels left.
You didn't know any spells.
Your spell library was empty.

Dungeon Overview and Level Annotations

Branches:
Dungeon (13/15)            Temple (1/1) D:6            Lair (0/6) D:8
    Orc (0/2) D:9
 Vaults: D:13-14

Altars:
Ashenzari
Cheibriados
Dithmenos
Elyvilon
Fedhas
Gozag
Kikubaaqudgha
Makhleb
Nemelex Xobeh
Okawaru
Qazlal
Ru
Sif Muna
Trog
Uskayaw
Vehumet
Wu Jian
Xom
Yredelemnul
Zin
The Shining One

Shops:
D:4 *   D:5 (*[:[   D:6 *   D:10 :

Annotations:
D:10 2 transporters, Sarroq's ghost, journeyman DDFi


Innate Abilities, Weirdness & Mutations

You are resistant to damage.
You can heal yourself by infusing magical energy.
You passively map the area around you.
You do not regenerate.


Message History

The 14-headed hydra bites you but does no damage. x3
The 14-headed hydra bites you. You block the 14-headed hydra's attack.
The 14-headed hydra bites you but does no damage. x4
The efreet hits you but does no damage.
A demon appears!
You block the efreet's attack.
The 14-headed hydra bites you but does no damage.
The 14-headed hydra bites you.
The 14-headed hydra bites you but does no damage. x2
The 14-headed hydra bites you.
* * * LOW HITPOINT WARNING * * *
You block the 14-headed hydra's attack. The 14-headed hydra bites you!
* * * LOW HITPOINT WARNING * * *
You block the 14-headed hydra's attack.
The 14-headed hydra bites you but does no damage.
The 14-headed hydra bites you.
* * * LOW HITPOINT WARNING * * *
The 14-headed hydra bites you but does no damage. x4
The efreet gestures at you. The bolt of fire hits you!
The fire burns you terribly!
You die...

....######...#............#.....
.............#./..........#.....
.............######.......#.....
................. #.......######
................. #........., ,
######............#......... ...
,#............#......... ,
.....##'###########......## **
,.............D.@.........#
......###.....R........ *
......* #.^.4..°....... #####*
#..............
#..............,,* *
###############*


You could see a 14-headed hydra, an efreet and a friendly hellwing (summoned).

Vanquished Creatures
  Snorg (D:12)
  A centaur warrior (D:13)
  2 two-headed ogres
  2 tengu warriors (D:13)
  An unseen horror (D:11)
  Pikel (D:6)
  2 ugly things
  A deep elf mage (D:12)
  A cyclops (D:11)
  Maurice (D:9)
  2 kobold demonologists
  3 trolls
  3 slime creatures (D:13)
  4 hippogriffs
  3 yaks (D:12)
  A wyvern (D:12)
  3 vampire mosquitoes (D:12)
  A warg (D:8)
  An acid dragon (D:12)
  Duvessa (D:6)
  An ice beast (D:9)
  A water moccasin (D:11)
  2 sky beasts
  9 ogres
  6 orc warriors
  A necrophage (D:9)
  A phantom (D:7)
  2 black bears
  A centaur (D:7)
  3 lemures (D:6)
  A crocodile (D:9)
  6 big kobolds
  12 bullfrogs
  A gnoll sergeant (D:6)
  A water moccasin zombie (D:8)
  A wyvern skeleton (D:9)
  Dowan (D:6)
  5 scorpions
  13 killer bees
  An electric eel (D:9)
  5 wights (D:11)
  5 howler monkeys
  3 jellies
  2 bullfrog zombies (D:13)
  4 centaur zombies
  8 hounds
  A quasit (D:5)
  10 orc priests
  3 bullfrog skeletons
  Natasha (thrice) (D:4)
  4 iguanas
  9 orc wizards
  9 worker ants
  2 hound skeletons
  7 gnolls
  8 adders
  4 white imps
  An ufetubus (D:7)
  2 adder skeletons (D:4)
  2 dart slugs
  A leopard gecko (D:8)
  58 orcs
  5 bats
  2 giant cockroaches
  7 goblins
  2 hobgoblins
  2 jackals (D:7)
  7 kobolds
  6 quokkas
  A ball python (D:4)
  A jackal skeleton (D:5)
  A leopard gecko zombie (D:5)
  A quokka skeleton (D:5)
  3 rats
293 creatures vanquished.

Vanquished Creatures (collateral kills)
  A worker ant (D:13)
1 creature vanquished.

Vanquished Creatures (others)
  9 plants
9 creatures vanquished.

Grand Total: 303 creatures vanquished

Notes
Turn   | Place    | Note
-------+----------+-------------------------------------------
     0 | D:1      | Flugslaktarn the Deep Dwarf Fighter began the quest for the
                  | Orb.
     0 | D:1      | Reached XP level 1. HP: 20/20 MP: 1/1
   237 | D:1      | Reached XP level 2. HP: 21/27 MP: 2/2
   437 | D:2      | Found an iron altar of Okawaru.
   439 | D:2      | Found a stormy altar of Qazlal.
   439 | D:2      | Found a shimmering altar of Xom.
   442 | D:2      | Found a glowing golden altar of the Shining One.
   442 | D:2      | Found a radiant altar of Vehumet.
   442 | D:2      | Found a broken altar of Ashenzari.
   486 | D:2      | Reached XP level 3. HP: 25/34 MP: 3/3
   633 | D:4      | Found Fanitei's Assorted Antiques.
   636 | D:4      | Bought a scroll labeled ZOEP NIDYUN for 26 gold pieces
   636 | D:4      | Bought a scroll labeled PAUSEHA DUMOVA for 26 gold pieces
   740 | D:4      | Noticed an ogre
   748 | D:4      | Killed an ogre
   748 | D:4      | Reached skill level 3 in Axes
   748 | D:4      | Reached XP level 4. HP: 43/44 MP: 4/4
   780 | D:4      | Noticed Natasha
   800 | D:4      | Killed Natasha
   800 | D:4      | Reached XP level 5. HP: 29/50 MP: 5/5
   950 | D:4      | Found a shadowy altar of Dithmenos.
   951 | D:4      | Noticed Natasha
   961 | D:4      | Killed Natasha
   961 | D:4      | Reached skill level 4 in Axes
  1060 | D:4      | Noticed Natasha
  1072 | D:4      | Killed Natasha
  1319 | D:5      | Entered Level 5 of the Dungeon
  1392 | D:5      | Found Sohegi's Assorted Antiques.
  1396 | D:5      | Found Enid's Book Boutique.
  1399 | D:5      | Found a sparkling altar of Nemelex Xobeh.
  1401 | D:5      | Bought a scroll labeled ETODWE ODWOIWO for 25 gold pieces
  1401 | D:5      | Bought a scroll labeled ETODWE ODWOIWO for 25 gold pieces
  1435 | D:5      | Found Bammimu's Armour Emporium.
  1440 | D:5      | Reached XP level 6. HP: 55/57 MP: 5/5
  1470 | D:5      | Found a broken altar of Ashenzari.
  1684 | D:5      | Found Xuoxkybo's Antique Weapon Boutique.
  1772 | D:5      | Found Jatz's Armour Shoppe.
  2006 | D:6      | Found a staircase to the Ecumenical Temple.
  2032 | D:6      | Noticed Duvessa
  2034 | D:6      | Noticed Dowan
  2051 | D:6      | Killed Duvessa
  2051 | D:6      | Reached skill level 5 in Axes
  2051 | D:6      | Reached XP level 7. HP: 63/66 MP: 6/6
  2054 | D:6      | Killed Dowan
  2072 | D:6      | Noticed Pikel
  2076 | D:6      | Reached skill level 5 in Fighting
  2111 | D:6      | Killed Pikel
  2111 | D:6      | Reached skill level 6 in Axes
  2111 | D:6      | Reached skill level 5 in Armour
  2111 | D:6      | Reached skill level 5 in Shields
  2111 | D:6      | Reached XP level 8. HP: 53/76 MP: 7/7
  2124 | Temple   | Entered the Ecumenical Temple
  2184 | Temple   | Became a worshipper of Makhleb the Destroyer
  2241 | D:6      | Found Gozag's Platinum Reserve.
  2242 | D:6      | Found an opulent altar of Gozag.
  2332 | D:6      | Found a blossoming altar of Fedhas.
  2385 | D:6      | Reached skill level 1 in Invocations
  2747 | D:7      | Found the +3 warlock's mirror {reflect}
  2763 | D:7      | Reached skill level 7 in Axes
  2796 | D:7      | Reached * piety under Makhleb
  2988 | D:7      | Gained mutation: You passively map the area around you.
                  | [Deep Dwarf growth]
  2988 | D:7      | Reached XP level 9. HP: 51/85 MP: 10/10
  3839 | D:8      | Reached skill level 8 in Axes
  3903 | D:8      | Found a staircase to the Lair.
  3963 | D:8      | Reached ** piety under Makhleb
  4020 | D:8      | Found an ornate altar of the Wu Jian Council.
  4341 | D:9      | Noticed Maurice
  4353 | D:9      | HP: 4/86 [orc warrior/+2 glaive of venom (19)]
  4354 | D:8      | HP: 1/86 [poisoned by an orc warrior]
  4365 | D:8      | Reached skill level 5 in Invocations
  4374 | D:9      | Paralysed by something for 7 turns
  4404 | D:9      | Reached skill level 9 in Axes
  4413 | D:9      | Reached XP level 10. HP: 54/96 MP: 7/7
  4434 | D:9      | Paralysed by something for 7 turns
  4455 | D:9      | Paralysed by Maurice for 5 turns
  4496 | D:9      | Killed Maurice
  4619 | D:9      | Found a staircase to the Orcish Mines.
  4674 | D:9      | Reached *** piety under Makhleb
  4721 | D:9      | Found a white marble altar of Elyvilon.
  5063 | D:5      | Bought a runed broad axe for 238 gold pieces
  5183 | D:10     | Entered Level 10 of the Dungeon
  5387 | D:10     | Found Cowemm's Book Emporium.
  5420 | D:10     | Found a transporter.
  5423 | D:10     | Found a transporter.
  5423 | D:10     | Noticed Sarroq's ghost (journeyman DDFi)
  5426 | D:10     | Noticed a stone giant
  5738 | D:11     | Reached skill level 10 in Axes
  5877 | D:11     | Noticed a two-headed ogre
  5892 | D:11     | Killed a two-headed ogre
  5892 | D:11     | Reached **** piety under Makhleb
  5907 | D:11     | Reached XP level 11. HP: 63/106 MP: 10/10
  5918 | D:11     | Killed an unseen horror
  6646 | D:12     | Got a twitching brass ring
  6649 | D:12     | Noticed a deep elf mage
  6672 | D:12     | Killed a deep elf mage
  6672 | D:12     | Reached skill level 11 in Axes
  6673 | D:12     | Identified the ring "Wabuek" {Ice *Contam Int+7 Slay+5}
                  | (You found it on level 12 of the Dungeon)
  6809 | D:12     | Noticed Snorg
  6817 | D:12     | Killed Snorg
  6972 | D:12     | Reached ***** piety under Makhleb
  7054 | D:12     | Noticed a brown ugly thing
  7059 | D:12     | Killed a brown ugly thing
  7132 | D:13     | Reached skill level 10 in Fighting
  7277 | D:13     | Noticed a tengu warrior
  7277 | D:13     | Noticed a tengu warrior
  7287 | D:13     | Killed a tengu warrior
  7291 | D:13     | Killed a tengu warrior
  7291 | D:13     | Reached XP level 12. HP: 87/116 MP: 11/11
  7337 | D:13     | Noticed a centaur warrior
  7348 | D:13     | Killed a centaur warrior
  7397 | D:13     | Noticed a two-headed ogre
  7406 | D:13     | Killed a two-headed ogre
  7427 | D:13     | Reached skill level 12 in Axes
  7457 | D:13     | Noticed an eight-headed hydra
  7478 | D:13     | Killed from afar by an efreet

Illustrated notes

Levels and vault maps discovered:
D:1:      minmay_arrival_wavy_path, layout_basic, st_stairs_10, chequers_jeans
D:2:      layout_rooms, lemuel_doored_altar, doesnt_xom_only_xom,
          amethyst_killhole, minmay_circle_x, uniq_robin
D:3:      layout_basic, gammafunk_ghost_necromancy
D:4:      layout_basic, old_standard_altar, serial_shops, kennysheep_mini_moat,
          uniq_natasha
D:5:      layout_basic, nicolae_ashenzari_panopticon,
          nemelex_xobeh_ov_fountains_minmay, serial_shops,
          nicolae_shop_overgrown_old_shop, shop, shop, shop, shop,
          hangedman_decor_clover_reticule
D:6:      layout_basic, nicolae_gozag_zags_fifth_avenue, marbit_many_paths,
          minmay_temple_entry_tees, uniq_duvessa, uniq_pikel
D:7:      kennysheep_spiral_hall, layout_layer_cave
D:8:      layout_basic, overflow_temple_1_default, lair_entry_dummy
D:9:      layout_cave_pools, elyvilon_altar_3, erik_orc_4, serial_bayou_pond_c,
          kennysheep_generic_room_8, uniq_maurice
D:10:     layout_roguey, serial_shops, kennysheep_little_box,
          gammafunk_ghost_arena
D:11:     layout_loops_ring, special_room [special_room_orc]
D:12:     layout_gridville, uniq_snorg
D:13:     layout_irregular_city
Temple:   nicolae_temple_god_jail

Skill      XL: |  1  2  3  4  5  6  7  8  9 10 11 12 |
---------------+-------------------------------------+-----
Fighting       | 3 4 5 6 7 9 10 | 10.4
Axes           | 3 4 5 6 7 9 10 11 12 | 12.0
Shields        | 4 5 6 7 8 9 |  9.2
Armour         | 4 5 6 7 8 9 |  9.2
Invocations    | 3 5 7 8 |  8.9
Dodging        | |  0.4
Evocations     | |  0.5

Action                   |  1- 3 |  4- 6 |  7- 9 | 10-12 || total
-------------------------+-------+-------+-------+-------++-------
Melee: War axe           |    51 |   134 |   311 |    92 ||   588
       Broad axe         |       |       |       |   387 ||   387
Invok: Lesser Servant of |       |       |       |     3 ||     3
 Abil: Heal Wounds       |     1 |     6 |    27 |    10 ||    44
Evoke: Wand              |       |       |     1 |       ||     1
  Use: Scroll            |       |     1 |    14 |     9 ||    24
       Potion            |       |     1 |     6 |       ||     7
Armor: Scale mail        |    19 |   107 |   219 |    24 ||   369
       Plate armour      |       |       |       |   300 ||   300
Dodge: Dodged            |     7 |    56 |   192 |   107 ||   362
Block: Kite shield       |    28 |    78 |   291 |   309 ||   706

Table legend: (Time is in decaauts)
 A = Elapsed time spent in this place.
 B = Non-inter-level travel time spent in this place.
 C = Inter-level travel time spent in this place.
 D = Time resting spent in this place.
 E = Time spent auto-exploring this place.
 F = Levels seen in this place.
 G = Mean time per level.
                   A        B        C        D        E       F      G
               +--------+--------+--------+--------+--------+-----+--------+
         Total |   7690 |   7075 |    615 |      4 |   5050 |  14 |  549.3 |
       Dungeon |   7617 |   7013 |    604 |      4 |   4996 |  13 |  585.9 |
        Temple |     72 |     61 |     11 |      0 |     54 |   1 |   72.0 |
               +--------+--------+--------+--------+--------+-----+--------+

Top non-repeatable levels by time:
     D:7: 1090 daAuts
     D:5: 799 daAuts
    D:11: 797 daAuts
     D:4: 778 daAuts
     D:6: 739 daAuts
     D:9: 683 daAuts
    D:12: 615 daAuts
     D:8: 579 daAuts
    D:10: 561 daAuts
    D:13: 363 daAuts
     D:2: 313 daAuts
     D:1: 278 daAuts
  Temple: 72 daAuts
     D:3: 17 daAuts
